EVO
UNIVERSITY OF SOUTH CAROLINA GAMECOCKS @ UCLA BRUINS
11/15/2049
 
TOP OF THE 1ST
Vanderbilt University Commodores batting - Pitching for Rice University Owls : RHP Shamar Hansford
Pitching: RHP Shamar Hansford
Batting: LHB Nate Greening 0-0: Swinging Strike
0-1: Foul Ball, location: 2F
0-2: Strikes out looking
Batting: RHB Alex Diaz 0-0: Ball
1-0: Foul Ball, location: 2F
1-1: Fly out, F9 (Flyball, 89S, EV 75.0 MPH)
Batting: RHB Luis Jara 0-0: Ball
1-0: Foul Ball, location: 2F
1-1: Fly out, F9 (Flyball, 89M, EV 89.4 MPH)
Top of the 1st over - 0 runs, 0 hits, 0 errors, 0 left on base; Vanderbilt University 0 - Rice University 0
BOTTOM OF THE 1ST
Rice University Owls batting - Pitching for Vanderbilt University Commodores : LHP Choji Tominaga
Pitching: LHP Choji Tominaga
Batting: SHB Yu-hsui Lew 0-0: Foul Ball, location: 2F
0-1: Ball
1-1: Ball
2-1: Called Strike
2-2: Ground out 6-3 (Groundball, 6, EV 86.9 MPH)
Batting: LHB David Coatney 0-0: Called Strike
0-1: Fly out, F8 (Flyball, 78M, EV 89.4 MPH)
Batting: RHB Fred Saxton 0-0: Called Strike
0-1: Swinging Strike
0-2: Ball
1-2: Fly out, F3 (Popup, 34S, EV 87.5 MPH)
Bottom of the 1st over - 0 runs, 0 hits, 0 errors, 0 left on base; Vanderbilt University 0 - Rice University 0
TOP OF THE 2ND
Vanderbilt University Commodores batting - Pitching for Rice University Owls : RHP Shamar Hansford
Batting: LHB Pete Mitchell 0-0: Called Strike
0-1: Swinging Strike
0-2: Foul Ball, location: 2F
0-2: Strikes out swinging
Batting: LHB Jose Diaz 0-0: Swinging Strike
0-1: Ball
1-1: Called Strike
1-2: Ball
2-2: Ball
3-2: Strikes out swinging
Batting: RHB Gary Smith 0-0: Ball
1-0: Called Strike
1-1: Ball
2-1: Foul Ball, location: 2F
2-2: Foul Ball, location: 2F
2-2: Foul Ball, location: 2F
2-2: SINGLE (Groundball, 56D, EV 103.8 MPH)
Batting: LHB Mario Garza 0-0: Ground out 5-3 (Groundball, 15, EV 88.1 MPH)
Top of the 2nd over - 0 runs, 1 hit, 0 errors, 1 left on base; Vanderbilt University 0 - Rice University 0
BOTTOM OF THE 2ND
Rice University Owls batting - Pitching for Vanderbilt University Commodores : LHP Choji Tominaga
Batting: SHB Joan Coucieiro 0-0: Foul Ball, location: 2F
0-1: Foul Ball, location: 2F
0-2: Ball
1-2: Ball
2-2: Fly out, F9 (Flyball, 9S, EV 81.9 MPH)
Batting: LHB Eddie Lemus 0-0: Ball
1-0: Called Strike
1-1: Ground out 4-3 (Groundball, 4, EV 83.1 MPH)
Batting: RHB Yu-zeng Mai 0-0: Ball
1-0: Ball
2-0: Called Strike
2-1: Foul Ball, location: 2F
2-2: Fly out, F4 (Popup, 4MD, EV 71.9 MPH)
Bottom of the 2nd over - 0 runs, 0 hits, 0 errors, 0 left on base; Vanderbilt University 0 - Rice University 0
TOP OF THE 3RD
Vanderbilt University Commodores batting - Pitching for Rice University Owls : RHP Shamar Hansford
Batting: SHB Felipe Campanella 0-0: Called Strike
0-1: Foul Ball, location: 2F
0-2: Foul Ball, location: 2F
0-2: Ball
1-2: Ball
2-2: Ground out 6-3 (Groundball, 6M, EV 103.1 MPH)
Batting: RHB Harry Torres 0-0: Ball
1-0: Ball
2-0: Called Strike
2-1: Fly out, F9 (Flyball, 89M, EV 91.2 MPH)
Batting: LHB Nate Greening 0-0: Called Strike
0-1: Foul Ball, location: 2F
0-2: Ball
1-2: Foul Ball, location: 2F
1-2: Strikes out swinging
Top of the 3rd over - 0 runs, 0 hits, 0 errors, 0 left on base; Vanderbilt University 0 - Rice University 0
BOTTOM OF THE 3RD
Rice University Owls batting - Pitching for Vanderbilt University Commodores : LHP Choji Tominaga
Batting: RHB Adrian Quilantan 0-0: Ball
1-0: Ball
2-0: Ball
3-0: Called Strike
3-1: SINGLE (Groundball, 6D, EV 94.4 MPH)
Batting: RHB Russ Kennett 0-0: Ball
1-0: Ball
2-0: Foul Ball, location: 2F
2-1: Swinging Strike
2-2: Foul Ball, location: 2F
2-2: Ball
3-2: Strikes out swinging
Batting: RHB Alex Valadez 0-0: Ball
1-0: Swinging Strike
1-1: Foul Ball, location: 2F
1-2: Foul Ball, location: 2F
1-2: Ball
2-2: Foul Ball, location: 2F
2-2: Fly out, F7 (Flyball, 7, EV 84.4 MPH)
Batting: SHB Yu-hsui Lew 0-0: Called Strike
0-1: Foul Ball, location: 2F
0-2: Strikes out swinging
Bottom of the 3rd over - 0 runs, 1 hit, 0 errors, 1 left on base; Vanderbilt University 0 - Rice University 0
TOP OF THE 4TH
Vanderbilt University Commodores batting - Pitching for Rice University Owls : RHP Shamar Hansford
Batting: RHB Alex Diaz 0-0: Ball
1-0: Foul Ball, location: 2F
1-1: SINGLE (Groundball, 6MS, EV 76.9 MPH) (infield hit)
Batting: RHB Luis Jara 0-0: Called Strike
0-1: Ball
Passed Ball!
Alex Diaz to second
1-1: Called Strike
1-2: Ball
2-2: Fly out, F9 (Flyball, 9, EV 88.8 MPH)
Runner from 2nd tags up, SAFE at 3rd with throw by RF
Batting: LHB Pete Mitchell 0-0: Called Strike
0-1: Ball
1-1: Ball
2-1: Fly out, F8 (Line Drive, 8LD, EV 90.0 MPH)
Runner from 3rd tags up, SCORES, throw by CF
Now in CF: Alex Ruybalid
Batting: LHB Jose Diaz 0-0: Swinging Strike
0-1: Called Strike
0-2: Ball
1-2: Fly out, F7 (Flyball, 7D, EV 101.2 MPH)
Top of the 4th over - 1 run, 1 hit, 0 errors, 0 left on base; Vanderbilt University 1 - Rice University 0
BOTTOM OF THE 4TH
Rice University Owls batting - Pitching for Vanderbilt University Commodores : LHP Choji Tominaga
Batting: LHB David Coatney 0-0: Ball
1-0: Ball
2-0: Swinging Strike
2-1: Fly out, F6 (Popup, 4M, EV 51.9 MPH)
Batting: RHB Fred Saxton 0-0: Swinging Strike
0-1: Foul Ball, location: 2F
0-2: Foul Ball, location: 2F
0-2: Fly out, F9 (Flyball, 9S, EV 81.9 MPH)
Batting: SHB Joan Coucieiro 0-0: Ball
1-0: Foul Ball, location: 2F
1-1: Called Strike
1-2: Foul Ball, location: 2F
1-2: Ground out 4-3 (Groundball, 4MS, EV 79.4 MPH)
Bottom of the 4th over - 0 runs, 0 hits, 0 errors, 0 left on base; Vanderbilt University 1 - Rice University 0
TOP OF THE 5TH
Vanderbilt University Commodores batting - Pitching for Rice University Owls : RHP Shamar Hansford
Batting: RHB Gary Smith 0-0: Ball
1-0: Fly out, F6 (Popup, 6D, EV 58.1 MPH)
Batting: LHB Mario Garza 0-0: Ball
1-0: Ball
2-0: Fly out, F7 (Line Drive, 7, EV 85.0 MPH)
Batting: SHB Felipe Campanella 0-0: Ball
1-0: Ball
2-0: Foul Ball, location: 2F
2-1: Ground out 2-3 (Groundball, 2L, EV 61.9 MPH)
Top of the 5th over - 0 runs, 0 hits, 0 errors, 0 left on base; Vanderbilt University 1 - Rice University 0
BOTTOM OF THE 5TH
Rice University Owls batting - Pitching for Vanderbilt University Commodores : LHP Choji Tominaga
Batting: LHB Eddie Lemus 0-0: Fly out, F8 (Line Drive, 8LM, EV 88.8 MPH)
Batting: RHB Yu-zeng Mai 0-0: Fly out, F7 (Flyball, 7D, EV 96.2 MPH)
Batting: RHB Adrian Quilantan 0-0: Ground out 6-3 (Groundball, 6, EV 97.5 MPH)
Bottom of the 5th over - 0 runs, 0 hits, 0 errors, 0 left on base; Vanderbilt University 1 - Rice University 0
TOP OF THE 6TH
Vanderbilt University Commodores batting - Pitching for Rice University Owls : RHP Shamar Hansford
Batting: RHB Harry Torres 0-0: Foul Ball, location: 2F
0-1: Foul Ball, location: 2F
0-2: Ball
1-2: Fly out, F8 (Flyball, 8LM, EV 99.4 MPH)
Batting: LHB Nate Greening 0-0: Called Strike
0-1: Ball
1-1: Ball
2-1: Ball
3-1: Base on Balls
Batting: RHB Alex Diaz 0-0: Ball
1-0: Fly out, F3 (Popup, 3SF, EV 82.5 MPH)
Batting: RHB Luis Jara 0-0: Ball
1-0: Ball
2-0: Ball
3-0: Base on Balls
Nate Greening to second
Pitching: RHP Nathan Tamburrino
Batting: LHB Pete Mitchell 0-0: Ball
1-0: Ball
2-0: Called Strike
2-1: Ball
3-1: Swinging Strike
3-2: Base on Balls
Nate Greening to third
Luis Jara to second
Batting: LHB Jose Diaz 0-0: Ball
1-0: Ball
2-0: Foul Ball, location: 2F
2-1: Foul Ball, location: 2F
2-2: Strikes out looking
Top of the 6th over - 0 runs, 0 hits, 0 errors, 3 left on base; Vanderbilt University 1 - Rice University 0
BOTTOM OF THE 6TH
Rice University Owls batting - Pitching for Vanderbilt University Commodores : LHP Choji Tominaga
Batting: RHB Alex Ruybalid 0-0: Called Strike
0-1: Ball
1-1: Foul Ball, location: 2F
1-2: Ball
2-2: Strikes out looking
Batting: RHB Alex Valadez 0-0: Swinging Strike
0-1: Ball
1-1: Foul Ball, location: 2F
1-2: Ball
2-2: Ball
3-2: Foul Ball, location: 2F
3-2: Foul Ball, location: 2F
3-2: SINGLE (Groundball, 4MD, EV 108.1 MPH)
Pitching: RHP Craig Wayne
Batting: SHB Yu-hsui Lew 0-0: Called Strike
0-1: Ball
1-1: Ball
2-1: Ball
3-1: Base on Balls
Alex Valadez to second
Batting: LHB David Coatney 0-0: Ball
1-0: Ball
2-0: Ball
3-0: Called Strike
3-1: Fly out, F5 (Line Drive, 5, EV 67.5 MPH)
Batting: RHB Fred Saxton 0-0: Ball
1-0: Called Strike
1-1: Swinging Strike
1-2: Ball
2-2: Strikes out swinging
Bottom of the 6th over - 0 runs, 1 hit, 0 errors, 2 left on base; Vanderbilt University 1 - Rice University 0
TOP OF THE 7TH
Vanderbilt University Commodores batting - Pitching for Rice University Owls : RHP Nathan Tamburrino
Batting: RHB Gary Smith 0-0: Ball
1-0: Ball
2-0: Fly out, F2 (Popup, 2RF, EV 93.8 MPH)
Batting: LHB Mario Garza 0-0: Called Strike
0-1: Called Strike
0-2: Ball
1-2: Strikes out swinging
Batting: SHB Felipe Campanella 0-0: Ball
1-0: Foul Ball, location: 2F
1-1: Called Strike
1-2: Foul Ball, location: 2F
1-2: Strikes out swinging
Top of the 7th over - 0 runs, 0 hits, 0 errors, 0 left on base; Vanderbilt University 1 - Rice University 0
BOTTOM OF THE 7TH
Rice University Owls batting - Pitching for Vanderbilt University Commodores : RHP Craig Wayne
Batting: SHB Joan Coucieiro 0-0: Ball
1-0: Ball
2-0: Ball
3-0: Called Strike
3-1: Fly out, F9 (Flyball, 9, EV 93.1 MPH)
Batting: LHB Eddie Lemus 0-0: Foul Ball, location: 2F
0-1: Ball
1-1: Swinging Strike
1-2: Ball
2-2: Ball
3-2: Foul Ball, location: 2F
3-2: SOLO HOME RUN (Flyball, 7D, EV 96.9 MPH), Distance : 383 ft
Batting: RHB Yu-zeng Mai 0-0: Ball
1-0: DOUBLE (Line Drive, 7LM, EV 106.2 MPH)
Batting: RHB Adrian Quilantan 0-0: Intentional Walk
Pitching: RHP Alex de la Cruz
Batting: RHB Alex Ruybalid 0-0: Foul Ball, location: 2F
0-1: Ball
1-1: Called Strike
1-2: Strikes out swinging
Batting: RHB Alex Valadez 0-0: Ball
1-0: Foul Ball, location: 2F
1-1: Ball
2-1: Fly out, F8 (Line Drive, 8RD, EV 87.5 MPH)
Bottom of the 7th over - 1 run, 2 hits, 0 errors, 2 left on base; Vanderbilt University 1 - Rice University 1
TOP OF THE 8TH
Vanderbilt University Commodores batting - Pitching for Rice University Owls : RHP Nathan Tamburrino
Pitching: LHP Tony Duque
Batting: RHB Harry Torres 0-0: Foul Ball, location: 2F
0-1: DOUBLE (Line Drive, 78D, EV 112.5 MPH)
Pinch Hitting: RHB Pakiana Kileona 0-0: Intentional Walk
Batting: RHB Alex Diaz 0-0: Ball
1-0: Called Strike
1-1: Ball
2-1: Fly out, F9 (Flyball, 89D, EV 73.1 MPH)
Runner from 2nd tags up, SAFE at 3rd with throw by RF
Batting: RHB Luis Jara 0-0: Fielders Choice at 2nd, 1-6 (Groundball, 34S, EV 74.4 MPH)
Batting: LHB Pete Mitchell 0-0: Swinging Strike
0-1: Foul Ball, location: 2F
0-2: Ball
1-2: 3-RUN HOME RUN (Flyball, 89XD, EV 106.2 MPH), Distance : 418 ft
Pitching: LHP Killian Wellman
Batting: LHB Jose Diaz 0-0: Ground out U3 (Groundball, 3, EV 87.5 MPH)
Top of the 8th over - 3 runs, 2 hits, 0 errors, 0 left on base; Vanderbilt University 4 - Rice University 1
BOTTOM OF THE 8TH
Rice University Owls batting - Pitching for Vanderbilt University Commodores : RHP Alex de la Cruz
Now at 2B: Esteban Acuna
Batting: SHB Yu-hsui Lew 0-0: Ball
1-0: Foul Ball, location: 2F
1-1: Swinging Strike
1-2: Ball
2-2: Ball
3-2: SINGLE (Groundball, 56S, EV 62.5 MPH) (infield hit)
Batting: LHB David Coatney 0-0: Ball
1-0: SINGLE (Line Drive, 78S, EV 104.4 MPH)
Yu-hsui Lew to second
Batting: RHB Fred Saxton 0-0: Ball
1-0: Called Strike
1-1: Called Strike
1-2: Fly out, F8 (Line Drive, 78D, EV 95.6 MPH)
Batting: SHB Joan Coucieiro 0-0: Ball
1-0: Ball
2-0: Foul Ball, location: 2F
2-1: Foul Ball, location: 2F
2-2: Ball
3-2: Fly out, F8 (Flyball, 8RD, EV 101.9 MPH)
Runner from 2nd tags up, SAFE at 3rd with throw by CF
Pitching: RHP Milutin Mladjenovic
Batting: LHB Eddie Lemus 0-0: Ball
1-0: Ball
2-0: Called Strike
2-1: Swinging Strike
2-2: Ball
3-2: Strikes out swinging
Bottom of the 8th over - 0 runs, 2 hits, 0 errors, 2 left on base; Vanderbilt University 4 - Rice University 1
TOP OF THE 9TH
Vanderbilt University Commodores batting - Pitching for Rice University Owls : LHP Killian Wellman
Batting: RHB Gary Smith 0-0: Swinging Strike
0-1: Foul Ball, location: 2F
0-2: Ball
1-2: Ground out 6-3 (Groundball, 6, EV 78.8 MPH)
Batting: LHB Mario Garza 0-0: Ball
1-0: Ground out 5-3 (Groundball, 56, EV 86.2 MPH)
Batting: SHB Felipe Campanella 0-0: Ball
1-0: Ball
2-0: Called Strike
2-1: Fly out, F8 (Flyball, 8RD, EV 90.0 MPH)
Top of the 9th over - 0 runs, 0 hits, 0 errors, 0 left on base; Vanderbilt University 4 - Rice University 1
BOTTOM OF THE 9TH
Rice University Owls batting - Pitching for Vanderbilt University Commodores : RHP Milutin Mladjenovic
Batting: RHB Yu-zeng Mai 0-0: Ball
1-0: Ball
2-0: Foul Ball, location: 2F
2-1: Foul Ball, location: 2F
2-2: Strikes out swinging, 2-3 out at first.
Batting: RHB Adrian Quilantan 0-0: Ball
1-0: Ball
2-0: Called Strike
2-1: Foul Ball, location: 2F
2-2: Fly out, F8 (Line Drive, 8RM, EV 96.9 MPH)
Pinch Hitting: SHB Roderick Speed 0-0: Swinging Strike
0-1: Swinging Strike
0-2: Ball
1-2: Ball
2-2: Foul Ball, location: 2F
2-2: Foul Ball, location: 2F
2-2: Ball
3-2: Foul Ball, location: 2F
3-2: Base on Balls
Batting: RHB Alex Valadez 0-0: Foul Ball, location: 2F
0-1: Ball
1-1: Ball
2-1: Ball
3-1: Ground out U3 (Groundball, 3L, EV 99.4 MPH)
Bottom of the 9th over - 0 runs, 0 hits, 0 errors, 1 left on base; Vanderbilt University 4 - Rice University 1
Sunday, July 16th , 2023 - OOTP Baseball 24.6 Build 69